 Dungeon Crawl Stone Soup version 0.22-a0-609-gfedc9ff (webtiles) character file.

15853 Amnesiac the Thaumaturge (level 12, -3/66 HPs)
             Began as a Deep Elf Wizard on July 10, 2018.
             Was a High Priest of Sif Muna.
             Killed by divine providence
             ... invoked by an orc priest
              (10 damage)
             ... on level 2 of the Orcish Mines.
             The game lasted 00:25:48 (11650 turns).

Amnesiac the Thaumaturge (Deep Elf Wizard)         Turns: 11650, Time: 00:25:48

Health: -3/66      AC:  3    Str:  4    XL:     12   Next: 4%
Magic:  37/40      EV: 19    Int: 29    God:    Sif Muna [*****.]
Gold:   617        SH:  0    Dex: 13    Spells: 9/37 levels left

rFire    . . .     SeeInvis .   a - staff of conjuration
rCold    . . .     Gourm    .   (no shield)
rNeg     . . .     Faith    .   y - +0 robe
rPois    .         Spirit   .   l - +1 hat
rElec    .         Reflect  .   (no cloak)
rCorr    .         Harm     .   (no gloves)
MR       +....                  (no boots)
Stlth    ++........             (no amulet)
HPRegen  0.21/turn              h - ring of magical power
MPRegen  0.27/turn              B - +5 ring of evasion

@: divine energy
A: no striking features
a: Stop Divine Energy, Channel Magic, Forget Spell, Renounce Religion


You were on level 2 of the Orcish Mines.
You worshipped Sif Muna.
Sif Muna was extremely pleased with you.
You were not hungry.

You visited 2 branches of the dungeon, and saw 13 of its levels.
You also visited: Sewer.

You collected 792 gold pieces.
You spent 175 gold pieces at shops.

Inventory:

Armour
 l - a +1 hat (worn)
 y - a +0 robe (worn)
 G - a cursed +0 shield
 M - a +1 leather armour of cold resistance
Magical Staves
 a - an uncursed staff of conjuration (weapon)
Jewellery
 h - a ring of magical power (left hand)
 j - a +3 ring of intelligence
 B - a +5 ring of evasion (right hand)
 C - an uncursed ring of poison resistance
 E - an uncursed ring of protection from fire
 K - an uncursed ring of see invisible
Wands
 g - a wand of paralysis (10)
 v - a wand of acid (18)
 A - a wand of polymorph (14)
Scrolls
 c - 2 scrolls of enchant armour {!r, unknown}
 e - 6 scrolls of remove curse {!r, unknown}
 i - 6 scrolls of teleportation {!r, unknown}
 m - 2 scrolls of identify {!r}
 r - 3 scrolls of fog {!r, unknown}
 s - 2 scrolls of immolation {!r, unknown}
 u - a scroll of magic mapping {!r, unknown}
 w - 2 scrolls of amnesia {!r}
 x - 5 scrolls of blinking {!r, unknown}
 F - 3 scrolls of fear {!r}
 H - a scroll of noise {!r, unknown}
 J - a scroll of holy word {!r, unknown}
 O - a scroll of torment {!r, unknown}
 Q - a scroll of summoning {!r, unknown}
Potions
 f - 2 potions of heal wounds {!q}
 k - a potion of haste {!q}
 n - 6 potions of curing {!q}
 o - a potion of berserk rage {!q}
 p - 2 potions of flight {!q, unknown}
 q - 3 potions of cancellation {!q, unknown}
 t - 3 potions of ambrosia {!q, unknown}
 z - a potion of agility {!q}
 I - 2 potions of brilliance {!q, unknown}
Comestibles
 d - 21 rations


   Skills:
 + Level 4.0 Fighting
 + Level 4.1 Dodging
 - Level 2.4 Stealth
 - Level 4.2 Shields
 + Level 13.1 Spellcasting
 * Level 13.0 Conjurations
 - Level 4.0 Hexes
 - Level 1.1 Summonings
 - Level 1.1 Translocations
 - Level 4.0 Air Magic
 - Level 8.0 Invocations


You had 9 spell levels left.
You knew the following spells:

 Your Spells              Type           Power        Failure   Level  Hunger
a - Airstrike             Air            #####.....   5%          4    None
b - Call Imp              Summ           ####....     2%          2    None
c - Confuse               Hex            #####...     1%          3    None
d - Lightning Bolt        Conj/Air       #######...   2%          5    #......
e - Mephitic Cloud        Conj/Pois/Air  ######..     1%          3    None
f - Magic Dart            Conj           ####         0%          1    None
s - Conjure Flame         Conj/Fire      ######..     1%          3    None
v - Blink                 Tloc           N/A          2%          2    None
w - Irradiate             Conj/Tmut      ######....   5%          5    #......

Your spell library contained the following spells:

 Spells                   Type           Power        Failure   Level  Hunger
 Slow                     Hex            #####...     1%          2    None
 Shock                    Conj/Air       ####         1%          1    None
 Swiftness                Chrm/Air       ####....     1%          2    None
 Spider Form              Tmut/Pois      ###.......   9%          3    None
 Blade Hands              Tmut           ###.......   58%         5    #......
 Ice Form                 Ice/Tmut       ###.....     26%         4    None
 Confusing Touch          Hex            #####.       1%          1    None
 Sticks to Snakes         Tmut           ###.....     4%          2    None
 Metabolic Englaciation   Hex/Ice        ####......   32%         5    #......
 Static Discharge         Conj/Air       #######.     1%          3    None
 Conjure Ball Lightning   Conj/Air       #######...   12%         6    ####...
 Petrify                  Tmut/Erth      ###.....     26%         4    None
 Beastly Appendage        Tmut           ###...       2%          1    None
 Dazzling Spray           Conj/Hex       ######       1%          3    None
 Gell's Gravitas          Tloc           ####......   5%          3    None
 Yara's Violent Unravell  Hex/Tmut       ####......   32%         5    #......


Dungeon Overview and Level Annotations

Branches:
Dungeon (11/15)            Temple (0/1) D:6            Lair (0/6) D:8
    Orc (2/2) D:11
    Elf: Orc:2

Altars:
Cheibriados
Kikubaaqudgha
Makhleb
Nemelex Xobeh
Okawaru
Sif Muna
Wu Jian
Zin
The Shining One

Shops:
D:4 %   D:6 *

Annotations:
D:10 3 runed doors, Pawles22's ghost, journeyman TrEE


Message History

Aim: a warg (moderately wounded)
The air twists around and strikes the warg!
The warg is heavily wounded.
Casting: Airstrike (safe; 5% risk of failure)
Confirm with . or Enter, or press ? or * to list all spells.
Aiming: Airstrike (safe; 5% risk of failure)
Press: ? - help, Dir - move target cursor, f/p - warg
Aim: a warg (heavily wounded)
The air twists around and strikes the warg!
The warg is almost dead.
Casting: Airstrike (safe; 5% risk of failure)
Confirm with . or Enter, or press ? or * to list all spells.
Aiming: Airstrike (safe; 5% risk of failure)
Press: ? - help, Dir - move target cursor, f/p - warg
Aim: a warg (almost dead)
The air twists around and strikes the warg!
You kill the warg!
Sif Muna accepts your kill.
You start resting.
Magic restored.
You now have 499 gold pieces (gained 23).
You now have 515 gold pieces (gained 16).
You now have 535 gold pieces (gained 20).
You now have 562 gold pieces (gained 27).
You now have 592 gold pieces (gained 30).
Key pressed, stopping explore.
Key pressed, stopping explore.
You now have 617 gold pieces (gained 25).
Done exploring.
Done exploring.
Done exploring.
There is a stone staircase leading down here.
You climb downwards. 2 orc warriors, an orc priest, an orc wizard and a stone giant come into view.
The stone giant shouts!
The orc warrior shouts! x2; You hear a shout!
Found 22 gold pieces.
There is a stone staircase leading up here.
Casting: Airstrike (safe; 5% risk of failure)
Confirm with . or Enter, or press ? or * to list all spells.
Aiming: Airstrike (safe; 5% risk of failure)
Press: ? - help, Dir - move target cursor, f - orc priest
Aim: an orc priest (hasn't noticed you)
The air twists around and strikes the orc priest!
The orc priest shouts!
The orc priest is heavily wounded.
The orc wizard shouts!
The orc wizard points at you and mumbles some strange words.
The magic dart hits you!
An ogre comes into view. It is wielding a giant club.
The stone giant throws a large rock.
The large rock hits you!!!
Ouch! That really hurt!
* * * LOW HITPOINT WARNING * * *
The orc priest calls down the wrath of Beogh upon you.
Beogh smites you!
* * * LOW HITPOINT WARNING * * *
The stone giant throws a large rock.
The large rock closely misses you.
You climb upwards.
There is a stone staircase leading down here.
You climb downwards.
An orc comes into view. It is wielding a whip.
An orc priest comes into view. It is wielding a war axe.
The orc priest invokes the aid of Beogh against you.
Beogh smites you!
You die...

#############
......#.....##
.............#.
...............
..#....o.......
.......o$......
.......(...o...
.......@...#
...O...........
.........o.....
......#........
..............o
......C........
..... .........
.............o.


You could see a stone giant, 2 orc warriors, an ogre (wandering), 2 orc priests,
an orc wizard and an orc (wandering).

Vanquished Creatures
  Josephine (D:11)
  2 two-headed ogres (D:10)
  2 tengu warriors (D:10)
  Nergalle (D:11)
  A cyclops (D:11)
  The ghost of Hebeh the Magician, a novice DEFE (D:5)
  2 trolls (D:10)
  A hornet (D:11)
  Prince Ribbit (D:6)
  A hippogriff (D:11)
  4 wraiths
  A shadow (D:11)
  A vampire (D:11)
  15 yaks
  Grum (D:11)
  2 basilisks (D:8)
  4 hogs (D:11)
  A human (D:11)
  2 wargs
  A water moccasin (D:9)
  Duvessa (D:5)
  3 orc warriors
  6 ice beasts
  4 porcupines (D:8)
  2 black bears
  4 wolves
  2 phantoms
  4 ogres
  5 centaurs
  5 crocodiles
  Blork the orc (D:6)
  9 bullfrogs
  A scorpion (D:5)
  Dowan (D:5)
  11 killer bees
  3 howler monkeys
  A bullfrog zombie (D:8)
  2 crimson imps (D:9)
  2 centaur zombies
  2 quasits
  4 orc priests
  2 bullfrog skeletons (D:4)
  5 hounds
  2 jellies
  8 orc wizards
  Ijyb (D:3)
  An iguana (D:5)
  5 worker ants
  2 howler monkey zombies
  2 worker ant zombies
  6 gnolls
  2 river rats (D:5)
  10 adders
  2 shadow imps
  An ooze (D:5)
  An adder zombie (D:5)
  An adder skeleton (D:8)
  4 worms (D:5)
  A dart slug (D:1)
  7 leopard geckos
  33 orcs
  A giant cockroach (D:1)
  5 goblins
  4 hobgoblins
  9 jackals
  8 kobolds
  5 quokkas
  5 bats
  8 frilled lizards
  A jackal skeleton (D:9)
  A jackal zombie (D:6)
  A leopard gecko skeleton (D:8)
  7 rats
269 creatures vanquished.

Vanquished Creatures (collateral kills)
  Terence (D:2)
  A worm (D:2)
  A dart slug (D:2)
  A kobold (D:2)
4 creatures vanquished.

Vanquished Creatures (others)
  6 plants
6 creatures vanquished.

Grand Total: 279 creatures vanquished

Notes
Turn   | Place    | Note
-------+----------+-------------------------------------------
     0 | D:1      | Amnesiac the Deep Elf Wizard began the quest for the Orb.
     0 | D:1      | Reached XP level 1. HP: 10/10 MP: 7/7
   320 | D:1      | Reached skill level 1 in Fighting
   320 | D:1      | Reached XP level 2. HP: 14/16 MP: 9/9
   324 | D:1      | Learned a level 2 spell: Blink
   327 | D:1      | Learned a level 2 spell: Call Imp
   829 | D:2      | Noticed Terence
   866 | D:2      | Killed Terence
   866 | D:2      | Reached XP level 3. HP: 19/21 MP: 11/11
   871 | D:2      | Learned a level 3 spell: Conjure Flame
   875 | D:2      | Learned a level 3 spell: Mephitic Cloud
  1301 | D:2      | Reached XP level 4. HP: 22/27 MP: 11/12
  2239 | D:3      | Noticed Ijyb
  2251 | D:3      | Killed Ijyb
  2484 | D:4      | Noticed an ogre
  2493 | D:4      | Killed an ogre
  2493 | D:4      | Reached XP level 5. HP: 31/31 MP: 11/13
  2497 | D:4      | Noticed an ogre
  2504 | D:4      | Killed an ogre
  2504 | D:4      | Reached XP level 6. HP: 26/37 MP: 2/14
  2555 | D:4      | Found Fablu's Food Emporium.
  2932 | D:4      | Found a deep blue altar of Sif Muna.
  2933 | D:4      | Found a glowing silver altar of Zin.
  3126 | D:4      | Became a worshipper of Sif Muna the Loreminder
  3268 | D:4      | Reached skill level 5 in Conjurations
  3268 | D:4      | Reached XP level 7. HP: 26/43 MP: 8/16
  3419 | D:4      | Reached skill level 5 in Spellcasting
  3552 | D:5      | Entered Level 5 of the Dungeon
  3689 | D:5      | Found a glowing drain.
  3701 | Sewer    | Entered a sewer
  3994 | D:5      | Reached * piety under Sif Muna
  4015 | D:5      | Noticed Dowan
  4035 | D:5      | Killed Dowan
  4090 | D:5      | Found an ornate altar of the Wu Jian Council.
  4105 | D:5      | Reached XP level 8. HP: 30/48 MP: 19/19
  4188 | D:5      | Noticed Duvessa
  4195 | D:5      | Killed Duvessa
  4244 | D:5      | Found a snail-covered altar of Cheibriados.
  4247 | D:5      | Found an iron altar of Okawaru.
  4248 | D:5      | Found a runed door.
  4250 | D:5      | Noticed Hebeh's ghost (novice DEFE)
  4379 | D:5      | Killed Hebeh's ghost
  4600 | D:5      | Learned a level 3 spell: Confuse
  4746 | D:6      | Noticed Blork the orc
  4762 | D:6      | Killed Blork the orc
  4941 | D:5      | Reached ** piety under Sif Muna
  4985 | D:6      | Found Ysemid's Assorted Antiques.
  4993 | D:6      | Bought a scroll labeled DYTAAH QIRAM for 25 gold pieces
  4993 | D:6      | Bought a scroll labeled WAENE SEUBIRUY for 25 gold pieces
  4993 | D:6      | Bought a tubular onyx ring for 125 gold pieces
  5059 | D:6      | Reached skill level 1 in Hexes
  5164 | D:6      | Reached XP level 9. HP: 35/52 MP: 11/23
  5308 | D:6      | Noticed Prince Ribbit
  5312 | D:6      | Killed Prince Ribbit
  5414 | D:6      | Found a staircase to the Ecumenical Temple.
  5559 | D:7      | Found a glowing golden altar of the Shining One.
  5637 | D:7      | Reached skill level 10 in Conjurations
  5804 | D:7      | HP: 2/52 [ice beast (13)]
  6084 | D:7      | Identified a scroll of acquirement {!r}
  6094 | D:7      | Learned a level 5 spell: Lightning Bolt
  6131 | D:8      | Got a pair of smoking gloves
  6235 | D:8      | Reached skill level 1 in Air Magic
  6242 | D:8      | Reached *** piety under Sif Muna
  6371 | D:8      | Found an ancient bone altar of Kikubaaqudgha.
  6406 | D:8      | Identified the +1 pair of gloves "Yphelauv" {-Cast MP+9 Int+4 Dex+3} (You found it on level 8 of the Dungeon)
  6621 | D:8      | Reached XP level 10. HP: 42/56 MP: 16/25
  6630 | D:8      | Reached skill level 10 in Spellcasting
  6761 | D:8      | Found a staircase to the Lair.
  7078 | D:9      | Reached **** piety under Sif Muna
  7533 | D:9      | Learned a level 4 spell: Airstrike
  7899 | D:9      | Found a burning altar of Makhleb.
  7899 | D:9      | Found a sparkling altar of Nemelex Xobeh.
  7916 | D:10     | Entered Level 10 of the Dungeon
  7916 | D:10     | Noticed a two-headed ogre
  7921 | D:10     | Killed a two-headed ogre
  7987 | D:10     | Reached ***** piety under Sif Muna
  8165 | D:10     | Found a runed gate.
  8165 | D:10     | Found a runed gate.
  8167 | D:10     | Found a runed gate.
  8168 | D:10     | Noticed a 12-headed hydra
  8168 | D:10     | Noticed Pawles22's ghost (journeyman TrEE)
  8252 | D:10     | Noticed a tengu warrior
  8252 | D:10     | Noticed a tengu warrior
  8260 | D:10     | Killed a tengu warrior
  8260 | D:10     | Identified Kile's Incunabulum of Battle Magic (Sif Muna gifted it to you on level 10 of the Dungeon)
  8260 | D:10     | Received a gift from Sif Muna
  8260 | D:10     | Reached XP level 11. HP: 61/61 MP: 21/29
  8262 | D:10     | Killed a tengu warrior
  8272 | D:10     | Learned a level 5 spell: Irradiate
  8473 | D:10     | Noticed a two-headed ogre
  8474 | D:10     | Killed a two-headed ogre
  8584 | D:10     | Reached skill level 1 in Invocations
  8594 | D:10     | Got an ichor-stained short sword {venom}
  8595 | D:10     | Identified the +1 short sword "Mamafiyz" {venom, *Rage *Drain rF+++ SInv} (You took it off an orc wizard on level 10 of the Dungeon)
  9237 | D:11     | HP: 2/61 [centaur/arrow (4)]
  9560 | D:10     | Reached skill level 5 in Invocations
 10261 | D:11     | Noticed Josephine
 10313 | D:11     | Found a staircase to the Orcish Mines.
 10722 | D:11     | Killed Josephine
 11111 | D:11     | Noticed Grum
 11121 | D:11     | Killed Grum
 11260 | D:11     | Noticed Nergalle
 11267 | D:11     | Killed Nergalle
 11267 | D:11     | Reached XP level 12. HP: 61/66 MP: 30/31
 11509 | Orc:1    | Entered Level 1 of the Orcish Mines
 11645 | Orc:2    | Entered Level 2 of the Orcish Mines
 11645 | Orc:2    | Noticed a stone giant
 11650 | Orc:2    | Killed from afar by an orc priest

Vault maps used:
D:1:      lemuel_arrival_tunnels, serial_bayou_crossing
D:2:      minmay_pentomino_v4, uniq_terence
D:3:      uniq_ijyb
D:4:      gammafunk_temple_overflow_pools, serial_shops, shop_fountains
D:5:      old_standard_altar, overflow_temple_1_default,
          overflow_temple_1_default, lightli_sewer_entry_pipes,
          gammafunk_ghost_grave, first_ration, uniq_duvessa
D:6:      minmay_temple_entry_glassed_door, serial_shops,
          nicolae_shop_temple_entry_statues_fountains, uniq_prince_ribbit1,
          uniq_blork_the_orc
D:7:      kennysheep_mini
D:8:      kiku_gazebo_garden_becter, minmay_lair_entry_grove
D:9:      gammafunk_temple_overflow_elements
D:10:     gammafunk_ghost_hydra_chop
D:11:     erik_orc_3, grunt_livestock, uniq_grum, uniq_josephine, uniq_nergalle
Orc:1:    nicolae_orc_accident_3
Orc:2:    grunt_orc_community_town_hall, grunt_orc_community_big_house_1,
          grunt_orc_community_big_house_1, grunt_orc_community_house_3,
          grunt_orc_community_house_1, grunt_orc_community_house_2,
          grunt_orc_community_house_1, grunt_orc_community_house_3,
          grunt_orc_community_house_3
Sewer:    sewer_the_crocodile

Skill      XL: |  1  2  3  4  5  6  7  8  9 10 11 12 |
---------------+-------------------------------------+-----
Fighting       | 1 2 3 4 |  4.0
Conjurations   | 2 4 5 7 9 11 13 | 13.0
Dodging        | 3 4 |  4.1
Spellcasting   | 6 8 9 12 13 | 13.1
Hexes          | 1 4 |  4.0
Air Magic      | 2 4 |  4.0
Invocations    | 8 |  8.0
Shields        | 3 4 |  4.2
Stealth        | |  2.4
Summonings     | |  1.1
Translocations | |  1.1

Action                   |  1- 3 |  4- 6 |  7- 9 | 10-12 || total
-------------------------+-------+-------+-------+-------++-------
Melee: Dagger            |     2 |       |    32 |       ||    34
       Staff             |       |       |     2 |     4 ||     6
       Short sword       |       |       |       |     5 ||     5
       Unarmed           |       |       |       |     1 ||     1
 Cast: Magic Dart        |   100 |   108 |   316 |     8 ||   532
       Call Imp          |     4 |       |     2 |       ||     6
       Mephitic Cloud    |       |     3 |    14 |       ||    17
       Conjure Flame     |       |     2 |    18 |       ||    20
       Blink             |       |       |     8 |       ||     8
       Lightning Bolt    |       |       |    11 |    77 ||    88
       Airstrike         |       |       |       |   120 ||   120
       Irradiate         |       |       |       |     4 ||     4
Invok: Divine Energy     |       |       |     1 |       ||     1
Evoke: Wand              |       |       |     1 |       ||     1
  Use: Potion            |     1 |       |       |     1 ||     2
       Scroll            |       |       |    10 |     1 ||    11
 Stab: Sleeping          |     1 |       |       |       ||     1
       Paralysed         |       |       |     3 |       ||     3
       Confused          |       |       |     2 |       ||     2
  Eat: Chunk             |     1 |     6 |    11 |    17 ||    35
       Ration            |       |       |       |     2 ||     2
Armor: Robe              |     8 |     1 |     6 |     9 ||    24
       Skin              |       |       |       |     1 ||     1
Dodge: Dodged            |    32 |    20 |    66 |    73 ||   191

Table legend:
 A = Spawn XP
 B = Non-spawn XP
 C = Spawn XP percentage of total XP
 D = Spawn monster count
 E = Non-spawn monster count
 F = Spawn count percentage of total count
 G = Total turns spent on level
                    A         B        C        D         E        F      G
               +---------+---------+-------+---------+---------+-------+---------
         Total |       0 |   22648 |   0.0 |       0 |     273 |   0.0 | 11650
               +---------+---------+-------+---------+---------+-------+---------
           D:1 |       0 |      30 |   0.0 |       0 |      17 |   0.0 |   829
           D:2 |       0 |      83 |   0.0 |       0 |      20 |   0.0 |   818
           D:3 |       0 |      55 |   0.0 |       0 |       7 |   0.0 |   860
           D:4 |       0 |     831 |   0.0 |       0 |      31 |   0.0 |  1070
           D:5 |       0 |    1263 |   0.0 |       0 |      27 |   0.0 |  1100
           D:6 |       0 |    1082 |   0.0 |       0 |      16 |   0.0 |   662
           D:7 |       0 |     585 |   0.0 |       0 |      15 |   0.0 |   567
           D:8 |       0 |    2410 |   0.0 |       0 |      24 |   0.0 |   919
           D:9 |       0 |    1879 |   0.0 |       0 |      18 |   0.0 |   878
          D:10 |       0 |    6961 |   0.0 |       0 |      36 |   0.0 |  1802
          D:11 |       0 |    7185 |   0.0 |       0 |      55 |   0.0 |  1791
         Orc:1 |       0 |     173 |   0.0 |       0 |       1 |   0.0 |   138
         Sewer |       0 |     111 |   0.0 |       0 |       6 |   0.0 |   213
               +---------+---------+-------+---------+---------+-------+---------
